 Dungeon Crawl Stone Soup version 0.24-a0-520-g8fd06ad (webtiles) character file.

Game seed: 5353020338349685298

1999 Dorkslayer the Schismatic (level 9, -1/69 HPs)
             Began as a Demonspawn Abyssal Knight on July 23, 2019.
             Was an Elder of Lugonu.
             Slain by an orc warrior
             ... wielding a +0 glaive
              (16 damage)
             ... on level 7 of the Dungeon.
             The game lasted 00:27:36 (4449 turns).

Dorkslayer the Schismatic (DsAK)                    Turns: 4449, Time: 00:27:37

Health: -1/69      AC: 19    Str: 22    XL:     9   Next: 2%
Magic:  13/13      EV:  6    Int: 13    God:    Lugonu [****..]
Gold:   316        SH: 10    Dex: 12    Spells: 8/8 levels left

rFire    . . .     SeeInvis .   a - +2 hand axe
rCold    . . .     Gourm    .   x - +0 shield
rNeg     . . .     Faith    .   g - +0 plate armour
rPois    +         Spirit   .   t - +0 helmet
rElec    .         Reflect  .   e - +1 cloak {MR+}
rCorr    .         Harm     .   m - +0 pair of gloves
MR       +....                  v - +0 pair of boots
Stlth    ..........             (no amulet)
HPRegen  0.21/turn              j - ring of poison resistance
MPRegen  0.13/turn              y - +1 ring of evasion

@: mighty
A: hooves 2, iridescent scales 1, spiny 3
a: Depart the Abyss, Bend Space, Banish, Corrupt, Renounce Religion


You were on level 7 of the Dungeon.
You worshipped Lugonu.
Lugonu was greatly pleased with you.
You were not hungry.

You visited 1 branch of the dungeon, and saw 7 of its levels.
You visited the Abyss 1 time.

You collected 316 gold pieces.

Inventory:

Hand Weapons
 a - a +2 hand axe (weapon)
 A - a +0 short sword
Missiles
 B - 4 boomerangs (quivered)
Armour
 e - a +1 cloak of magic resistance (worn)
 g - a +0 plate armour (worn)
 m - a +0 pair of gloves (worn)
 t - a +0 helmet (worn)
 v - a +0 pair of boots (worn)
 x - a +0 shield (worn)
Jewellery
 j - a ring of poison resistance (left hand)
 y - a +1 ring of evasion (right hand)
Wands
 z - a wand of polymorph (7)
Scrolls
 b - a scroll of enchant weapon
 h - a scroll of enchant armour {unknown}
 k - 2 scrolls of amnesia {unknown}
 n - 4 scrolls of teleportation
 p - 2 scrolls of fog {unknown}
 s - 4 scrolls of remove curse {unknown}
 u - 2 scrolls of blinking {unknown}
Potions
 f - a potion of heal wounds
 i - 4 potions of flight
 l - 4 potions of curing
 o - 2 potions of might
 q - 2 potions of haste {unknown}
 r - a potion of agility {unknown}
Comestibles
 c - 10 rations
 w - 2 chunks of flesh


   Skills:
 * Level 5.7 Fighting
 + Level 5.4 Axes
 + Level 4.0 Armour
 + Level 2.2 Dodging
 * Level 4.1 Shields
 * Level 6.1 Invocations
 * Level 4.0 Evocations


You had 8 spell levels left.
You didn't know any spells.
Your spell library was empty.

Dungeon Overview and Level Annotations

Branches:
Dungeon (7/15)             Temple (0/1) D:5

Altars:
Ashenzari
Kikubaaqudgha
Okawaru
Uskayaw
Vehumet

Shops:
D:5 %

Annotations:
D:3 2 transporters, felly21's ghost, amateur MiBe


Innate Abilities, Weirdness & Mutations

You have hoof-like feet.
You are partially covered in iridescent scales. (AC +2)
You are completely covered in sharp spines.


Message History

Your experience leads to an increase in your attributes!
Your base attributes are Str 16, Int 13, Dex 12.
Increase (S)trength, (I)ntelligence, or (D)exterity?
You feel stronger.
The orc warrior hits you from afar with a +0 glaive!!
The orc priest hits you but does no damage.
An orc comes into view.
You slash the orc!
You kill the orc!
Lugonu accepts your kill.
The orc priest hits you but does no damage.
You block the orc warrior's attack.
You slash the orc!
You kill the orc!
Lugonu accepts your kill.
The orc priest mumbles some strange prayers to Beogh against you.
Beogh smites you!
* * * LOW HITPOINT WARNING * * *
The orc warrior hits you from afar with a +0 glaive!
You die...

.## .. ###..##
#.......... ##
#.#......... .o.##
#.#..........#
#...##............##
...#.o##............
#...o)...........##
###..#@>..........#
## #............#
#..##........#.##
##. ###..รท......##
# #. ###..#.....###
## ##..# .....#
##.####....
#...###...
###...##..


You could see an orc warrior, an orc priest and an orc.

Vanquished Creatures
  Eustachio (D:5)
  An orc warrior (D:6)
  A sky beast (D:5)
  An ice beast (D:6)
  2 ogres (D:4)
  3 centaurs
  A bullfrog (D:7)
  A water moccasin skeleton (D:6)
  A scorpion (D:5)
  A wyvern skeleton (D:6)
  5 wights (D:6)
  2 crimson imps
  A quasit (D:5)
  A centaur zombie (D:6)
  A jelly (D:6)
  A gnoll shaman (D:6)
  An orc priest (D:3)
  A bullfrog skeleton (D:5)
  3 hounds
  3 orc wizards
  3 iguanas
  6 gnolls
  9 adders
  A shadow imp (D:5)
  2 oozes (D:3)
  An adder skeleton (D:4)
  3 worms
  A dart slug (D:2)
  3 leopard geckos
  27 orcs
  2 ball pythons (D:5)
  8 giant cockroaches
  12 goblins
  9 hobgoblins
  2 jackals (D:3)
  3 quokkas
  4 bats
  4 frilled lizards
  8 kobolds
  A rat (D:2)
141 creatures vanquished.

Vanquished Creatures (others)
  A jelly (D:5)
1 creature vanquished.

Grand Total: 142 creatures vanquished

Notes
Turn   | Place    | Note
-------+----------+-------------------------------------------
     0 | Abyss:1  | Dorkslayer the Demonspawn Abyssal Knight began the quest
                  | for the Orb.
     0 | Abyss:1  | Reached XP level 1. HP: 18/18 MP: 2/2
    56 | Abyss:2  | Noticed a smoke demon
    81 | Abyss:2  | Noticed an efreet
    81 | D:1      | Escaped the Abyss
   172 | D:1      | Reached * piety under Lugonu
   289 | D:1      | Gained mutation: You are partially covered in sharp spines.
                  | [demonic ancestry]
   289 | D:1      | Reached XP level 2. HP: 19/24 MP: 3/3
   705 | D:2      | Gained mutation: You are mostly covered in sharp spines.
                  | [demonic ancestry]
   705 | D:2      | Reached XP level 3. HP: 30/30 MP: 4/4
   979 | D:2      | Found a shattered altar of Ashenzari.
  1018 | D:2      | Found a hide-covered altar of Uskayaw.
  1056 | D:2      | Gained mutation: You are completely covered in sharp
                  | spines. [demonic ancestry]
  1056 | D:2      | Reached XP level 4. HP: 37/37 MP: 6/6
  1154 | D:2      | Reached skill level 1 in Evocations
  1354 | D:3      | Reached skill level 1 in Dodging
  1395 | D:3      | Reached skill level 3 in Invocations
  1399 | D:3      | Reached ** piety under Lugonu
  1414 | D:3      | Gained mutation: You have large cloven feet. [demonic
                  | ancestry]
  1414 | D:3      | Reached XP level 5. HP: 38/42 MP: 7/7
  1584 | D:3      | Found an iron altar of Okawaru.
  1629 | D:3      | Found a transporter.
  1629 | D:3      | Noticed felly21's ghost (amateur MiBe)
  1670 | D:3      | Found a transporter.
  1924 | D:4      | Noticed an ogre
  1925 | D:4      | Noticed an ogre
  1946 | D:4      | Killed an ogre
  1946 | D:4      | Reached *** piety under Lugonu
  1946 | D:4      | Gained mutation: You are partially covered in iridescent
                  | scales. (AC +2) [demonic ancestry]
  1946 | D:4      | Reached XP level 6. HP: 49/49 MP: 8/8
  1950 | D:4      | Reached skill level 4 in Invocations
  2516 | D:5      | Entered Level 5 of the Dungeon
  2763 | D:5      | Reached XP level 7. HP: 55/55 MP: 10/10
  2854 | D:5      | Found a staircase to the Ecumenical Temple.
  2942 | D:5      | Noticed Eustachio
  2955 | D:5      | Found a radiant altar of Vehumet.
  2991 | D:5      | Killed Eustachio
  3079 | D:5      | Reached skill level 1 in Shields
  3403 | D:5      | Reached skill level 5 in Fighting
  3405 | D:5      | Found Acuitypn's Food Emporium.
  3618 | D:6      | Reached skill level 5 in Invocations
  3619 | D:6      | Gained mutation: You have hoof-like feet. [demonic
                  | ancestry]
  3619 | D:6      | Reached XP level 8. HP: 52/62 MP: 11/11
  3905 | D:6      | Reached skill level 5 in Axes
  4121 | D:6      | Found an ancient bone altar of Kikubaaqudgha.
  4133 | D:6      | Reached **** piety under Lugonu
  4221 | D:6      | Reached skill level 6 in Invocations
  4447 | D:7      | Reached XP level 9. HP: 49/69 MP: 13/13
  4449 | D:7      | Slain by an orc warrior

Levels and vault maps discovered:
D:1:      dpeg_arrival_rhombus, layout_loops_ring
D:2:      layout_loops_cross, ashenzari_altar_1, old_standard_altar,
          serial_glass, glass_columns_a, glass_columns_b, glass_columns_c,
          glass_columns_c, glass_columns_a, glass_columns_a
D:3:      layout_rooms, gammafunk_ghost_mausoleum, first_ration,
          okawaru_gym_becter
D:4:      layout_cave_pools, serial_column_ruins, column_ruins_open_medium,
          column_ruins_columns_corner, column_ruins_open_tiny,
          column_ruins_open_small, column_ruins_columns_straight,
          column_ruins_corridor_straight, chequers_jeans,
          hangedman_decor_lopped, kennysheep_generic_room_16
D:5:      layout_loops_corners, fiery_altar_vehumet, lemuel_temple_firewalk_b,
          serial_shops, shop, minivault_27, uniq_eustachio
D:6:      layout_loops_ring, kiku_gazebo_pond_becter
D:7:      layout_rooms, serial_shops, nicolae_shop_waterfront, basic_altar

Skill      XL: |  1  2  3  4  5  6  7  8 |
---------------+-------------------------+-----
Axes           | 2 3 4 5 |  5.4
Fighting       | 4 5 |  5.7
Armour         | 2 3 4 |  4.0
Evocations     | 1 2 3 4 |  4.0
Dodging        | 1 2 |  2.2
Invocations    | 3 4 5 6 |  6.1
Shields        | 2 4 |  4.1

Action                   |  1- 3 |  4- 6 |  7- 9 || total
-------------------------+-------+-------+-------++-------
Melee: Hand axe          |    60 |   107 |   209 ||   376
       Kick              |       |    10 |       ||    10
Invok: Depart the Abyss  |     1 |       |       ||     1
Evoke: Wand              |       |     2 |     5 ||     7
  Use: Scroll            |       |     4 |     3 ||     7
       Potion            |       |       |     2 ||     2
 Stab: Confused          |       |       |     1 ||     1
  Eat: Chunk             |       |     6 |     2 ||     8
       Ration            |       |       |     1 ||     1
Armor: Leather armour    |     5 |       |       ||     5
       Scale mail        |    30 |    19 |       ||    49
       Chain mail        |       |    14 |    24 ||    38
       Plate armour      |       |       |   104 ||   104
Dodge: Dodged            |    23 |    39 |    18 ||    80
Block: Shield            |       |     5 |   114 ||   119

Table legend:
 A = Non-vault XP
 B = Vault XP
 C = Vault XP percentage of total XP
 D = Non-vault monster count
 E = Vault monster count
 F = Vault count percentage of total count
                 A         B        C        D         E       F
            +---------+---------+-------+---------+---------+-------
      Total |    2657 |     200 |   7.0 |     138 |       3 |   2.1
            +---------+---------+-------+---------+---------+-------
        D:1 |      27 |       0 |   0.0 |      16 |       0 |   0.0
        D:2 |      75 |       0 |   0.0 |      16 |       0 |   0.0
        D:3 |     194 |       0 |   0.0 |      38 |       0 |   0.0
        D:4 |     225 |      12 |   5.1 |      11 |       2 |  15.4
        D:5 |     586 |     188 |  24.3 |      17 |       1 |   5.6
        D:6 |    1289 |       0 |   0.0 |      31 |       0 |   0.0
        D:7 |     261 |       0 |   0.0 |       9 |       0 |   0.0
            +---------+---------+-------+---------+---------+-------
